 Dungeon Crawl Stone Soup version 0.30-a0-304-gdc4b735fe1 (webtiles) character file.

Game seed: 3037037821736704508

5168 Sobieck the Covert (level 10, -20/51 HPs)
             Began as a Spriggan Earth Elementalist on Oct 20, 2022.
             Was a Believer of Uskayaw.
             Demolished by a two-headed ogre
             ... wielding a +0 giant club
              (32 damage)
             ... on level 8 of the Dungeon.
             The game lasted 00:25:58 (9716 turns).

Sobieck the Covert (Spriggan Earth Elementalist)    Turns: 9716, Time: 00:25:59

Health: -20/51     AC:  2    Str:  4    XL:     10   Next: 34%
Magic:  17/23      EV: 28    Int: 19    God:    Uskayaw [**....]
Gold:   522        SH:  0    Dex: 18    Spells: 16/26 levels left

rFire   . . .      SeeInvis +    a - +2 short sword (freeze) {short}
rCold   . . .      Faith    .    (no shield)
rNeg    . . .      Spirit   .    k - +0 robe
rPois   .          Reflect  .    (helmet restricted)
rElec   .          Harm     .    J - scarf {shadows}
rCorr   +          Rampage  .    (gloves unavailable)
Will    +....                    (boots unavailable)
Stlth   +++++.....               s - amulet of regeneration {@e2}
HPRegen 1.08/turn                l - +4 ring of evasion
MPRegen 0.18/turn                m - ring of resist corrosion

@: very quick
A: very small, no large weapons, unfitting armour, see invisible, speed 3
a: Renounce Religion, Stomp, Line Pass


You were on level 8 of the Dungeon.
You worshipped Uskayaw.
Uskayaw was noncommittal.
You visited 2 branches of the dungeon, and saw 9 of its levels.
You also visited: Ossuary.

You collected 522 gold pieces.


Innate Abilities, Weirdness & Mutations

You are very small and have problems with some larger weapons.
You are too small for most types of armour.
You have supernaturally acute eyesight. (SInv)
You cover ground extremely quickly. (Speed+++)


   Skills:
 + Level 5.5 Fighting
 + Level 9.6 Dodging
 + Level 11.0 Stealth
 + Level 8.5 Spellcasting
 - Level 1.3 Transmutations
 + Level 7.0 Earth Magic


You had 16 spell levels left.
You knew the following spells:

 Your Spells              Type           Power      Damage    Failure   Level
a - Sandblast             Erth           68%        2d15      1%          1
b - Passwall              Tmut/Erth      20%        N/A       2%          2
c - Stone Arrow           Conj/Erth      42%        3d9       6%          3
d - Petrify               Tmut/Erth      24%        N/A       16%         4

Your spell library contained the following spells:

 Spells                   Type           Power      Damage    Failure   Level
 Sting                    Tmut/Pois      40%        1d5       7%          1
 Magic Dart               Conj           32%        1d4       9%          1
 Summon Small Mammal      Summ           32%        N/A       9%          1
 Poisonous Vapours        Pois/Air       16%        N/A       13%         2
 Searing Ray              Conj           16%        2d5       13%         2
 Call Canine Familiar     Summ           8%         N/A       26%         3
 Summon Guardian Golem    Hex/Summ       8%         N/A       26%         3
 Fulminant Prism          Conj/Hex       4%         3d6       65%         4
 Olgreb's Toxic Radiance  Pois           8%         N/A       65%         4
 Ozocubu's Refrigeration  Ice            4%         4d8       100%        7
 Ignition                 Fire           4%         3d4       100%        8

Inventory:

Hand Weapons
 a - a +2 short sword of freezing (weapon) {short}
   (You took it off a wight on level 7 of the Dungeon)
 e - a +0 spear {polearm}
   (You found it on level 1 of the Dungeon)
 g - a +0 club {mace}
   (You took it off a goblin on level 1 of the Dungeon)
 h - a +0 quarterstaff {staff}
   (You found it on level 1 of the Dungeon)
 j - a +0 mace {mace}
   (You found it on level 1 of the Dungeon)
 x - a +2 dagger of venom {short}
   (You took it off a goblin on level 4 of the Dungeon)
 A - a +1 falchion of protection {long}
   (You took it off an orc on level 4 of the Dungeon)
 B - a +2 whip of freezing {mace}
   (You took it off Pikel on level 3 of the Dungeon)
 I - a +0 dagger {short}
   (You took it off a goblin on level 1 of the Dungeon)
 U - a +3 short sword {short}
   (You took it off a wight on level 7 of the Dungeon)
Missiles
 d - 34 poisoned darts {throwing}
 n - 76 stones {throwing}
 W - 2 throwing nets {=f!fthrowing}
Armour
 k - a +0 robe (worn)
 C - a +0 robe
   (You took it off Pikel on level 3 of the Dungeon)
 H - a +0 robe
   (You took it off a gnoll on level 4 of the Dungeon)
 J - a scarf of shadows (worn)
   (You found it on level 5 of the Dungeon)
 N - a +0 robe
   (You took it off an orc wizard on level 6 of the Dungeon)
 O - a +0 robe
   (You took it off an orc wizard on level 6 of the Dungeon)
 S - a +0 robe
   (You took it off a wight on level 7 of the Dungeon)
 T - a +0 robe
   (You took it off a wight on level 7 of the Dungeon)
 V - a +0 robe
   (You took it off a wight on level 7 of the Dungeon)
 Z - a +0 robe
   (You took it off a wight on level 7 of the Dungeon)
Magical Staves
 r - a staff of cold {!astaff}
   (You found it on level 2 of the Dungeon)
 Q - a staff of air {!astaff}
   (You found it on level 6 of the Dungeon)
Jewellery
 l - a +4 ring of evasion (left hand)
   (You found it on level 1 of the Dungeon)
 m - a ring of resist corrosion (right hand)
   (You found it on level 5 of the Dungeon)
 s - an amulet of regeneration (around neck) {@e2}
   (You found it on level 2 of the Dungeon)
 X - a ring of ice
   (You found it on level 7 of the Dungeon)
 Y - a ring of see invisible
   (You took it off an orc priest on level 7 of the Dungeon)
Wands
 E - a wand of acid (5)
   (You took it off Ijyb on level 4 of the Dungeon)
 F - a wand of flame (35)
   (You took it off an orc on level 4 of the Dungeon)
 G - a wand of polymorph (8)
   (You found it on level 8 of the Dungeon)
Scrolls
 c - 5 scrolls of vulnerability {!r!r}
 o - 3 scrolls of fear
 u - a scroll of magic mapping {!r}
 y - 3 scrolls of teleportation {@r4}
 L - 2 scrolls of enchant weapon
 R - 2 scrolls of immolation {!r!r}
Potions
 b - a potion of magic
 f - 8 potions of curing {@q1}
 i - 2 potions of haste {@q3}
 p - 5 potions of flight
 q - a potion of degeneration {unknown}
 t - a potion of resistance
 v - a potion of mutation {unknown}
 w - a potion of might
 z - 2 potions of lignification {!q}
 D - a potion of brilliance {unknown}
 K - 4 potions of heal wounds {@q2}
 M - a potion of berserk rage {unknown}
 P - a potion of attraction {unknown}

Dungeon Overview and Level Annotations

Branches:
Dungeon (8/15) Zot: 26441  Temple (1/1) D:5 Zot: 5925 Ossuary (visited)
   Lair: D:8-11

Altars:
Ashenzari
Cheibriados
Dithmenos
Elyvilon
Fedhas
Gozag
Hepliaklqana
Kikubaaqudgha
Makhleb
Nemelex Xobeh
Qazlal
Ru
Sif Muna
Trog
Uskayaw
Xom
Zin
The Shining One

Shops:
D:2 (

Annotations:
D:2 Terence
D:5 2 runed translucent doors
D:8 exclusion: tengu warrior

.....<# ...... .# ...
.... #.# ... .o..# #..
###.. #o#.##.. ... .
#.#.###.#..#.##...
..###....oO.......?...
...$.....##@##.......# ##
.. #....###.##.^.....#...
#..#.............#...#..
##...##.#.####.....#...#.
.....##.........#....#...
.......#...........#...#.
.........<.....#.#.......
.....##.#...........#.#..
#######.#.....#...#.....


You could see a two-headed ogre and 3 orcs.


Message History

The blast of sand misses the killer bee.
You feel sick. The killer bee barely misses you.
The killer bee completely misses you. x2
Casting: Sandblast (safe; 1% risk of failure)
Confirm with . or Enter, or press ? or * to list all spells.
Aiming: Sandblast (safe; 1% risk of failure)
Press: ? - help, Shift-Dir - straight line, f/p - killer bee
Aim: a killer bee (heavily wounded, 67% to hit)
The blast of sand hits the killer bee!
You kill the killer bee!
You feel sick.
Unknown command.
You see here a killer bee corpse.
You feel sick.
There is a stone staircase leading down, spattered with blood here.
You start resting.
You feel sick.
You are no longer poisoned.
Unknown command.
You start resting.
Unknown command.
Unknown command.
You start resting.
Unknown command.
You climb downwards.
Level annotation: exclusion: tengu warrior
There is a stone staircase leading up, spattered with blood here.
Unknown command.
Unknown command.
Unknown command.
You can't see any susceptible monsters within range! (Use Z to cast anyway.) Unknown command.
A killer bee is nearby!
Danger!
You can't see any susceptible monsters within range! (Use Z to cast anyway.)
The blast of sand hits the killer bee.
The killer bee buzzes angrily.
The blast of sand hits the killer bee.
The killer bee completely misses you. x2
The killer bee closely misses you.
The blast of sand misses the killer bee.
The killer bee misses you. x3
Unknown command.
The blast of sand hits the killer bee!
You kill the killer bee!
You can now pass through a line of other dancers.
Your Stealth skill increases to level 11!
A two-headed ogre comes into view. It is wielding two +0 giant clubs.
Danger!
The blast of sand hits the two-headed ogre.
The two-headed ogre shouts in stereo!
You hear a shout! x2
The blast of sand hits the two-headed ogre!!
You can now pass through a line of other dancers.
Casting: Sandblast (safe; 1% risk of failure)
Confirm with . or Enter, or press ? or * to list all spells.
Aiming: Passwall (safe; 2% risk of failure)
Press: ? - help, Dir - move target, p - two-headed ogre
There is no adjacent passable wall in that direction.
Okay, then.
Aiming: Line Pass
Press: ? - help, Dir - move target, p - two-headed ogre The two-headed ogre appears confused.
You can no longer pass through a line of other dancers.
The two-headed ogre gestures wildly.
Unknown command.
You hit the two-headed ogre. You freeze the two-headed ogre.
The two-headed ogre seems less confused.
The two-headed ogre hits you with a +0 giant club!
The two-headed ogre hits you with a +0 giant club.
You barely miss the two-headed ogre. The two-headed ogre misses you.
The two-headed ogre completely misses you.
You hit the two-headed ogre but do no damage.
Unknown command.
You hit the two-headed ogre but do no damage.
The two-headed ogre hits you with a +0 giant club!!
* * * LOW HITPOINT WARNING * * *
The two-headed ogre completely misses you.
You hit the two-headed ogre. You freeze the two-headed ogre.
The two-headed ogre misses you.
The two-headed ogre hits you with a +0 giant club!
* * * LOW HITPOINT WARNING * * *
Unknown command.
Casting: Passwall (safe; 2% risk of failure)
Confirm with . or Enter, or press ? or * to list all spells.
Aiming: Sandblast (safe; 1% risk of failure)
Press: ? - help, Shift-Dir - straight line, f - two-headed ogre
Aim: a two-headed ogre, wielding two +0 giant clubs (heavily wounded, 92% to hit)
The blast of sand hits the two-headed ogre!
The two-headed ogre misses you. The two-headed ogre closely misses you.
An orc comes into view. It is wielding a +3 hand axe.
You can now pass through a line of other dancers.
Found a stone staircase leading up. 2 orcs come into view.
The orc shouts!
Casting: Sandblast (safe; 1% risk of failure)
Confirm with . or Enter, or press ? or * to list all spells.
Aiming: Sandblast (safe; 1% risk of failure)
Press: ? - help, Shift-Dir - straight line, f/p - two-headed ogre
Aim: a two-headed ogre, wielding two +0 giant clubs (severely wounded, 92% to hit)
The blast of sand hits the two-headed ogre but does no damage.
The two-headed ogre hits you with a +0 giant club!!
Ouch! That really hurt!
You die...

Skill      XL: |  1  2  3  4  5  6  7  8  9 10 |
---------------+-------------------------------+-----
Dodging        | 3 4 6 7 9 |  9.6
Spellcasting   | 3 4 5 6 8 |  8.5
Earth Magic    | 3 4 5 6 7 |  7.0
Fighting       | 1 2 3 4 5 |  5.5
Stealth        | 4 5 6 8 10 11 | 11.0
Transmutations | |  1.3

Action                   |  1- 3 |  4- 6 |  7- 9 | 10-12 || total
-------------------------+-------+-------+-------+-------++-------
Melee: Dagger            |    15 |    37 |   145 |       ||   197
       Punch             |       |     1 |     4 |     2 ||     7
       Short sword       |       |       |    19 |    60 ||    79
Throw: Stone             |       |     6 |     1 |       ||     7
 Cast: Sandblast         |    48 |   104 |   165 |    43 ||   360
       Passwall          |     1 |     1 |     9 |       ||    11
       Stone Arrow       |       |       |     5 |     3 ||     8
       Petrify           |       |       |       |     2 ||     2
Invok: Line Pass         |       |       |     2 |     3 ||     5
Evoke: Wand              |       |       |     1 |     2 ||     3
  Use: Scroll            |       |       |    17 |       ||    17
 Stab: Sleeping          |     4 |     1 |    17 |     3 ||    25
       Paralysed         |       |       |     1 |       ||     1
Armor: Robe              |     3 |     2 |     8 |     6 ||    19
Dodge: Dodged            |    24 |   120 |   207 |   178 ||   529

Levels and vault maps discovered:
D:1:      lightli_arrival_flooded_house, layout_basic, st_stairs_7,
          roderic_lattice_a
D:2:      wad_woods_tower, layout_basic, basic_altar,
          dreamdust_ecumenical_altar_angels_and_demons, serial_shops,
          shop_coins, minivault_27, kennysheep_potato
D:3:      layout_basic, xom_confusion_cloud, uniq_terence
D:4:      minmay_wonky_spiral, layout_basic, uniq_eustachio, uniq_ijyb,
          uniq_pikel
D:5:      lemuel_insect_pit, layout_loops_ring, zin_statuary, temple_hall,
          enter_ossuary_2
D:6:      layout_loops_ring, nicolae_overflow_hidden_temple,
          serial_bayou_lagoon_a, kb_rosetta
D:7:      layout_basic, kennysheep_mini_moat
D:8:      layout_rooms, nicolae_kite_square_tiling_tiny, minivault_22,
          kennysheep_island_fort
Temple:   nicolae_temple_god_jail

Notes
Turn   | Place    | Note
-------+----------+-------------------------------------------
     0 | D:1      | Sobieck the Spriggan Earth Elementalist began the quest for
                  | the Orb.
     0 | D:1      | Reached XP level 1. HP: 9/9 MP: 5/5
   644 | D:1      | You pick up a book of Callings and begin reading...
   644 | D:1      | You add the spells Summon Small Mammal, Call Canine
                  | Familiar and Summon Guardian Golem to your library.
   799 | D:2      | Found a blossoming altar of Fedhas.
   845 | D:2      | Reached XP level 2. HP: 14/14 MP: 2/6
   898 | D:2      | Learned a level 2 spell: Passwall
   906 | D:2      | Reached skill level 3 in Dodging
   981 | D:2      | Reached skill level 3 in Spellcasting
  1221 | D:2      | Found Bahieseq's Antique Weapon Shop.
  1277 | D:2      | You pick up a book of Conjurations {@e2} and begin
                  | reading...
  1277 | D:2      | You add the spells Magic Dart, Searing Ray and Fulminant
                  | Prism to your library.
  1320 | D:2      | Reached XP level 3. HP: 17/17 MP: 3/8
  1610 | D:2      | Found a faded altar of an unknown god.
  1677 | D:2      | Reached skill level 3 in Earth Magic
  1739 | D:2      | Reached skill level 1 in Fighting
  1852 | D:2      | Identified the +1 scale mail "Nenuos" {rC+}
  1955 | D:2      | Reached skill level 4 in Stealth
  2127 | D:3      | You add the spells Sting, Poisonous Vapours and Olgreb's
                  | Toxic Radiance to your library.
  2185 | D:3      | Reached XP level 4. HP: 22/22 MP: 7/10
  2213 | D:3      | Noticed Terence
  2273 | D:3      | Found a shimmering altar of Xom.
  3139 | D:4      | Reached XP level 5. HP: 25/25 MP: 8/11
  3243 | D:4      | Noticed Eustachio
  3443 | D:4      | Reached skill level 4 in Dodging
  3443 | D:4      | Reached skill level 5 in Stealth
  3443 | D:4      | Reached skill level 4 in Spellcasting
  3731 | D:4      | Reached skill level 2 in Fighting
  3733 | D:4      | Reached XP level 6. HP: 25/30 MP: 2/13
  3902 | D:4      | Killed Eustachio
  3903 | D:4      | Reached skill level 5 in Dodging
  3903 | D:4      | Reached skill level 4 in Earth Magic
  4042 | D:4      | Noticed Ijyb
  4052 | D:4      | Killed Ijyb
  4053 | D:4      | Noticed Pikel
  4213 | D:3      | Killed Pikel
  4214 | D:3      | Reached skill level 6 in Dodging
  4214 | D:3      | Reached skill level 6 in Stealth
  4214 | D:3      | Reached skill level 5 in Spellcasting
  4214 | D:3      | Reached XP level 7. HP: 35/35 MP: 0/15
  4457 | D:4      | Reached skill level 3 in Fighting
  4856 | D:4      | Reached XP level 8. HP: 40/40 MP: 13/17
  4877 | D:4      | Reached skill level 7 in Stealth
  5007 | D:5      | Entered Level 5 of the Dungeon
  5124 | D:5      | Reached skill level 5 in Earth Magic
  5133 | D:5      | Found a sand-covered staircase.
  5143 | Ossuary  | Entered an ossuary
  5187 | Ossuary  | Learned a level 3 spell: Stone Arrow
  5690 | Ossuary  | Noticed Menkaure
  5760 | Ossuary  | Killed Menkaure
  5925 | D:5      | You pick up a book of Conjurations {@e2} and begin
                  | reading...
  6030 | D:5      | Reached skill level 7 in Dodging
  6030 | D:5      | Reached skill level 6 in Spellcasting
  6073 | D:5      | Found a glowing silver altar of Zin.
  6225 | D:5      | Reached skill level 8 in Stealth
  6252 | D:5      | Found a runed translucent door.
  6282 | D:5      | Found a runed translucent door.
  6565 | D:5      | Found a staircase to the Ecumenical Temple.
  6651 | D:5      | Reached skill level 4 in Fighting
  6763 | Temple   | Entered the Ecumenical Temple
  6861 | Temple   | Became a worshipper of Uskayaw the Reveller
  7039 | D:6      | Reached * piety under Uskayaw
  7042 | D:6      | Reached ** piety under Uskayaw
  7044 | D:6      | Reached XP level 9. HP: 45/45 MP: 14/19
  7280 | D:6      | Found a broken altar of Ashenzari.
  7280 | D:6      | Found an opulent altar of Gozag.
  7424 | D:6      | Noticed a green ugly thing
  7436 | D:6      | Noticed a troll
  7482 | D:6      | Killed a green ugly thing
  7483 | D:6      | Reached skill level 8 in Dodging
  7483 | D:6      | Reached skill level 9 in Stealth
  7483 | D:6      | Reached skill level 7 in Spellcasting
  7621 | D:6      | Killed a troll
  7622 | D:6      | Reached skill level 6 in Earth Magic
  8154 | D:7      | Reached *** piety under Uskayaw
  8209 | D:7      | Reached skill level 10 in Stealth
  8297 | D:7      | Reached skill level 5 in Fighting
  8379 | D:7      | Reached skill level 9 in Dodging
  8546 | D:7      | Found a sparkling altar of Nemelex Xobeh.
  8571 | D:7      | Reached skill level 8 in Spellcasting
  8622 | D:7      | Reached XP level 10. HP: 46/51 MP: 19/23
  9085 | D:8      | Noticed a two-headed ogre
  9099 | D:8      | Noticed a tengu warrior
  9106 | D:8      | Killed a two-headed ogre
  9151 | D:7      | Learned a level 4 spell: Petrify
  9206 | D:8      | HP: 11/51 [tengu warrior/+0 broad axe (4)]
  9206 | D:8      | HP: 4/51 [tengu warrior/+0 broad axe (7)]
  9240 | D:8      | You add the spells Ozocubu's Refrigeration and Ignition to
                  | your library.
  9600 | D:7      | Reached skill level 7 in Earth Magic
  9684 | D:8      | Reached skill level 11 in Stealth
  9702 | D:8      | Noticed a two-headed ogre
  9711 | D:8      | HP: 7/51 [two-headed ogre/+0 giant club (17)]
  9716 | D:8      | Demolished by a two-headed ogre

Vanquished Creatures
  A two-headed ogre (D:8)
  Pikel (D:3)
  An ugly thing (D:6)
  A troll (D:6)
  A yak (D:6)
  Eustachio (D:4)
  Menkaure (Ossuary)
  3 water moccasins
  An ice beast (D:5)
  A black bear (D:5)
  2 sky beasts (D:7)
  A centaur (D:6)
  A lemure (D:4)
  3 phantoms
  A kobold brigand (D:8)
  4 bullfrogs
  A necrophage (D:4)
  4 scorpions
  7 wights (D:7)
  8 killer bees
  An electric eel (D:6)
  2 jellies (D:4)
  3 hounds
  6 orc priests
  A gnoll bouda (D:4)
  Ijyb (D:4)
  An iguana (D:5)
  3 orc wizards
  3 mummies (Ossuary)
  8 adders
  9 gnolls
  A white imp (D:7)
  3 dart slugs
  17 orcs
  8 endoplasms
  3 giant cockroaches
  5 gnoll zombies (Ossuary)
  2 hobgoblins (D:4)
  3 jackals (D:2)
  8 quokkas
  3 ball pythons
  10 bats
  2 frilled lizards
  3 gnoll skeletons (Ossuary)
  11 goblins
  5 goblin skeletons (Ossuary)
  A goblin zombie (Ossuary)
  3 hobgoblin skeletons (Ossuary)
  8 hobgoblin zombies (Ossuary)
  7 kobolds
  3 kobold skeletons (Ossuary)
  2 kobold zombies (Ossuary)
  5 orc skeletons (Ossuary)
  8 orc zombies (Ossuary)
  6 rats
  6 rat skeletons (Ossuary)
  A rat zombie (Ossuary)
216 creatures vanquished.

Vanquished Creatures (others)
  A goblin (D:3)
  55 plants
56 creatures vanquished.

Grand Total: 272 creatures vanquished

Table legend:
 A = Non-vault XP
 B = Vault XP
 C = Vault XP percentage of total XP
 D = Non-vault monster count
 E = Vault monster count
 F = Vault count percentage of total count
                 A         B        C        D         E       F
            +---------+---------+-------+---------+---------+-------
      Total |    4140 |    3243 |  43.9 |     134 |      81 |  37.7
            +---------+---------+-------+---------+---------+-------
        D:1 |       8 |       1 |  11.1 |       6 |       1 |  14.3
        D:2 |      50 |      36 |  41.9 |      23 |       7 |  23.3
        D:3 |      40 |     654 |  94.2 |      10 |       8 |  44.4
        D:4 |     464 |     364 |  44.0 |      27 |       5 |  15.6
        D:5 |     785 |       0 |   0.0 |      14 |       0 |   0.0
        D:6 |     798 |    1101 |  58.0 |      17 |       4 |  19.0
        D:7 |    1825 |       0 |   0.0 |      30 |       0 |   0.0
        D:8 |     170 |     825 |  82.9 |       7 |       2 |  22.2
    Ossuary |       0 |     262 | 100.0 |       0 |      54 | 100.0
            +---------+---------+-------+---------+---------+-------

Illustrated notes

Table legend:
 A = Kills in this place as a percentage of kills in entire the game.
 B = Kills by you in this place as a percentage of kills by you in the entire game.
 C = Kills by friends in this place as a percentage of kills by friends in the entire game.
 D = Other kills in this place as a percentage of other kills in the entire game.
 E = Experience gained in this place as a percentage of experience gained in the entire game.
 F = Experience gained in this place divided by the number of levels of this place that you have seen.
                   A       B       C       D       E      F
               +-------+-------+-------+-------+-------+----------------------
         Total | 100.0 | 100.0 |   N/A | 100.0 | 100.0 | 738.3
       Dungeon |  74.9 |  74.8 |   N/A | 100.0 |  96.5 | 890.1
       Ossuary |  25.1 |  25.2 |   N/A |   0.0 |   3.5 | 262.0
               +-------+-------+-------+-------+-------+----------------------

Table legend: (Time is in decaauts)
 A = Elapsed time spent in this place.
 B = Non-inter-level travel time spent in this place.
 C = Inter-level travel time spent in this place.
 D = Time resting spent in this place.
 E = Time spent auto-exploring this place.
 F = Levels seen in this place.
 G = Mean time per level.
                   A        B        C        D        E       F      G
               +--------+--------+--------+--------+--------+-----+--------+
         Total |   7354 |   7094 |    260 |    835 |   4252 |  10 |  735.4 |
       Dungeon |   6628 |   6373 |    255 |    599 |   4085 |   8 |  828.5 |
        Temple |     74 |     69 |      5 |      0 |     43 |   1 |   74.0 |
       Ossuary |    651 |    651 |      0 |    235 |    123 |   1 |  651.0 |
               +--------+--------+--------+--------+--------+-----+--------+

Top non-repeatable levels by time:
     D:4: 1202 daAuts
     D:2: 1058 daAuts
     D:7: 967 daAuts
     D:3: 954 daAuts
     D:6: 913 daAuts
     D:5: 716 daAuts
 Ossuary: 651 daAuts
     D:1: 566 daAuts
     D:8: 249 daAuts
  Temple: 74 daAuts
